 Dungeon Crawl Stone Soup version 0.31-a0-1370-gf52a5a9ab3 (webtiles) character file.

Game seed: 4462608955238654271

20587 grandjackal the Sage (level 12, -3/99 HPs)
             Began as a Demonspawn Gladiator on Dec 24, 2023.
             Was a High Priest of Sif Muna.
             Slain by a thrashing horror (12 damage)
             ... on level 3 of the Abyss.
             The game lasted 00:18:07 (9706 turns).

grandjackal the Sage (Demonspawn Gladiator)         Turns: 9706, Time: 00:18:08

Health: -3/99      AC: 14    Str: 15    XL:     12   Next: 46%
Magic:  21/21      EV: 16    Int: 10    God:    Sif Muna [*****.]
Gold:   627        SH:  0    Dex: 18    Spells: 2/11 levels left

rFire   . . .        t - +2 long sword (elec)
rCold   . . .        (no shield)
rNeg    + . .        B - +2 scale mail of a treasure trove {rElec rPois Will- Regen+}
rPois   +            c - +0 helmet
rElec   +            F - +0 cloak
rCorr   .            o - +1 pair of gloves
SInv    .            (no boots)
Will    .....        (no amulet) Stlth
                     N - +5 ring of evasion
HPRegen 0.00/turn    H - ring of positive energy
MPRegen 0.17/turn

%: no passive effects
@: mighty, sick
A: slimy green scales 1, powered by death 2, demonic magic 3, weakness stinger 1
a: Renounce Religion, Channel Magic, Forget Spell, Divine Exegesis


You were on level 3 of the Abyss.
You worshipped Sif Muna.
Sif Muna was extremely pleased with you.
You visited 1 branch of the dungeon, and saw 12 of its levels.
You visited the Abyss 1 time.
You also visited: Sewer and Bailey.

You collected 780 gold pieces.
You spent 153 gold pieces at shops.

Inventory:

Hand Weapons
 a - a +0 long sword
 r - a +1 dagger of speed
 t - a +2 long sword of electrocution (weapon)
 E - a +0 dagger of venom
 S - the +6 shillelagh "Devastator" {shatter}
   (You found it on level 12 of the Dungeon)
Missiles
 d - a throwing net (quivered)
 e - a javelin
Armour
 c - a +0 helmet (worn)
 o - a +1 pair of gloves (worn)
 y - the +0 ring mail of Surprise {rC- Will+++ rCorr Stlth-}
   (You found it on level 4 of the Dungeon)

   rC-:       It makes you vulnerable to cold.
   Will+++:   It greatly increases your willpower.
   rCorr:     It protects you from acid and corrosion.
   Stlth-:    It makes you less stealthy.
 B - the +2 scale mail of a treasure trove (worn) {rElec rPois Will- Regen+}
   (You found it on level 4 of the Dungeon)

   rElec:     It insulates you from electricity.
   rPois:     It protects you from poison Will-: It decreases your willpower.
   Regen+:    It increases your rate of health regeneration.
 F - a +0 cloak (worn)
 R - the +9 chain mail of Lucidity {rC+}
   (You found it on level 10 of the Dungeon)

   rC+:       It protects you from cold.
Jewellery
 b - a ring of resist corrosion
 s - a ring of magical power
 z - a ring of fire
 H - a ring of positive energy (right hand)
 N - a +5 ring of evasion (left hand)
 Q - a ring of flight
 T - a ring of protection from fire
Wands
 l - a wand of paralysis (7)
 M - a wand of flame (26)
Scrolls
 g - 2 scrolls of enchant armour {unknown}
 n - 3 scrolls of revelation {unknown}
 v - 2 scrolls of blinking
 w - 2 scrolls of teleportation
 x - 3 scrolls of vulnerability {unknown}
 A - 2 scrolls of immolation
 D - 2 scrolls of amnesia
 G - 2 scrolls of enchant weapon {unknown}
 I - 3 scrolls of fear
 K - a scroll of acquirement {unknown}
 P - a scroll of fog {unknown}
Potions
 f - a potion of experience {unknown}
 h - 3 potions of haste
 i - 3 potions of curing
 j - 2 potions of attraction
 k - 2 potions of might
 m - 3 potions of brilliance
 p - 2 potions of heal wounds
 q - a potion of resistance {unknown}
 u - a potion of enlightenment {unknown}
 C - a potion of cancellation {unknown}
 J - 3 potions of invisibility
 L - a potion of ambrosia
 O - a potion of magic {unknown}


   Skills:
 + Level 10.9 Fighting
 + Level 10.2 Long Blades
 - Level 2.0 Throwing
 - Level 4.1 Dodging
 + Level 10.1 Summonings
 + Level 12.9 Invocations


You had 2 spell levels left.
You knew the following spells:

 Your Spells              Type           Power      Damage    Failure   Level
a - Call Imp              Summ           40%        N/A       3%          2
b - Summon Hydra          Summ           10%        N/A       100%        7

Your spell library contained the following spells:

 Spells                   Type           Power      Damage    Failure   Level
 Mercury Vapours          Alch/Air       0%         N/A       94%         2
 Sublimation of Blood     Necr           0%         N/A       94%         2
 Inner Flame              Hex/Fire       0%         N/A       99%         3
 Mephitic Cloud           Conj/Alch/Air  0%         N/A       99%         3
 Ozocubu's Armour         Ice            0%         N/A       99%         3
 Flame Wave               Conj/Fire      0%         2d4       100%        4
 Passage of Golubria      Tloc           0%         N/A       100%        4
 Sticky Flame             Fire/Alch      0%         2d4       100%        4
 Freezing Cloud           Conj/Ice/Air   0%         6-21      100%        5
 Metabolic Englaciation   Hex/Ice        0%         N/A       100%        5
 Silence                  Hex/Air        0%         N/A       100%        5
 Simulacrum               Ice/Necr       0%         N/A       100%        6
 Lehudib's Crystal Spear  Conj/Erth      0%         10d2      100%        8


Dungeon Overview and Level Annotations

Branches:
Dungeon (12/15)            Temple (0/1) D:6            Lair (0/5) D:10
    Orc (0/2) D:10          Sewer (visited)          Bailey (visited)

Altars:
Dithmenos
Okawaru
Sif Muna
Trog
Yredelemnul

Shops:
D:3 ?   D:8 (   D:10 *

Annotations:
D:5 3 runed translucent doors, MysticSailboat's ghost, novice SpDe
D:10 1 runed translucent door
D:12 Erolcha


Innate Abilities, Weirdness & Mutations

You are partially covered in slimy green scales. (AC +2)
You regenerate health from kills.
Spells you cast and wands you use may paralyse nearby enemies.
You have a small tail.


Message History

The thrashing horror closely misses you.
The thrashing horror tramples you.
* * * LOW HITPOINT WARNING * * *
You stumble backwards!
Unknown command.
You feel much better.
The thrashing horror completely misses you.
The thrashing horror tramples you but does no damage.
The thrashing horror tramples you!
* * * LOW HITPOINT WARNING * * *
You hold your ground!
The thrashing horror tramples you but does no damage.
The thrashing horror misses you.
The thrashing horror closely misses you.
You barely miss the thrashing horror.
The thrashing horror is almost destroyed.
The thrashing horror misses you. x2; The thrashing horror tramples you!
* * * LOW HITPOINT WARNING * * *
You stumble backwards!
The thrashing horror barely misses you.
The thrashing horror closely misses you.
Unknown command.
Unknown command.
You slash the thrashing horror! You tail-slap the thrashing horror.
The thrashing horror is moderately damaged.
The thrashing horror misses you. x2
The thrashing horror tramples you but does no damage.
The thrashing horror closely misses you.
Unknown command.
Unknown command.
You slice the thrashing horror!!
You destroy the thrashing horror!
Sif Muna accepts your kill. The thrashing horror barely misses you.
The thrashing horror tramples you.
* * * LOW HITPOINT WARNING * * *
You hold your ground!
The thrashing horror tramples you.
* * * LOW HITPOINT WARNING * * *
You hold your ground!
The thrashing horror barely misses you.
Unknown command.
The thrashing horror tramples you!
You die...

... ... . ... ...
...
..........#...... #
.. .. .#.#.....#...
⌠ #.
.#.....'##...#.#
##..## ##.........#
.........
#......⌠##
....#...###......##
#.. .......x...#φ
##....##....X@.#
#......#..X.X.##
#.###.#.......#
#.##...........# #.
#.........#.#
...#.#.......#⌠#
..............### #
.....#.....#..
##...###...###.


You could see a tentacled monstrosity, 2 thrashing horrors and a small
abomination.

Vanquished Creatures
  A catoblepas (D:10)
  5 two-headed ogres
  4 boulder beetles
  2 thrashing horrors (Abyss:3)
  2 cyclopes
  A manticore (D:12)
  A large abomination (Abyss:3)
  A gargoyle (D:10)
  A kobold demonologist (D:12)
  A rime drake (D:10)
  An ancient zyme (Abyss:3)
  4 trolls
  Grinder (D:6)
  Sigmund (D:6)
  A vampire (D:11)
  19 yaks
  3 wyverns
  A wraith (D:11)
  A steam dragon (D:8)
  A basilisk (D:10)
  8 vampire mosquitoes
  A warg (D:10)
  Eustachio (D:6)
  Menkaure (D:5)
  An acid dragon (D:10)
  5 orc warriors
  2 black bears
  Pargi (Sewer)
  2 sky beasts (D:7)
  2 ice beasts (D:10)
  2 ogres (D:4)
  3 wolves (D:10)
  5 centaurs
  2 phantoms
  7 kobold brigands
  A brain worm (Sewer)
  2 bullfrogs
  A gnoll sergeant (D:9)
  4 scorpions
  9 wights
  3 killer bees
  5 hounds
  2 quasits (D:6)
  A jelly (D:6)
  5 orc priests
  A gnoll bouda (D:7)
  2 iguanas
  Natasha (thrice) (D:3)
  9 orc wizards
  A scorpion zombie (D:5)
  A killer bee zombie (D:5)
  15 gnolls
  5 adders
  A shadow imp (D:6)
  4 white imps
  2 ufetubi (D:6)
  3 worms
  28 orcs
  6 bats
  6 endoplasms
  17 giant cockroaches
  7 goblins
  9 hobgoblins
  4 jackals
  4 quokkas
  17 ball pythons
  4 frilled lizards
  21 kobolds
  7 rats
305 creatures vanquished.

Vanquished Creatures (others)
  An arcanist (D:4)
1 creature vanquished.

Grand Total: 306 creatures vanquished

Notes
Turn   | Place    | Note
-------+----------+-------------------------------------------
     0 | D:1      | grandjackal the Demonspawn Gladiator began the quest for
                  | the Orb.
     0 | D:1      | Reached XP level 1. HP: 16/16 MP: 1/1
   155 | D:1      | Found a faded altar of an unknown god.
   177 | D:1      | Gained mutation: You have a small tail. [demonic ancestry]
   177 | D:1      | Reached XP level 2. HP: 16/22 MP: 2/2
   823 | D:2      | Reached XP level 3. HP: 26/28 MP: 3/3
  1288 | D:3      | Noticed Natasha
  1297 | D:3      | Killed Natasha
  1298 | D:3      | Gained mutation: You regenerate a little health from kills.
                  | [demonic ancestry]
  1298 | D:3      | Reached XP level 4. HP: 2/34 MP: 4/4
  1772 | D:3      | Noticed Natasha
  1776 | D:3      | Gained mutation: Spells you cast may paralyse adjacent
                  | enemies. [demonic ancestry]
  1776 | D:3      | Reached XP level 5. HP: 41/41 MP: 5/5
  1776 | D:3      | Killed Natasha
  1800 | D:3      | Found The Oracle's Delphic Readings.
  1804 | D:3      | Bought a scroll of blinking for 90 gold pieces
  2182 | D:3      | Noticed Natasha
  2190 | D:3      | Killed Natasha
  2222 | D:4      | Noticed an ogre
  2230 | D:4      | Killed an ogre
  2231 | D:4      | Reached XP level 6. HP: 23/48 MP: 6/6
  2365 | D:4      | Found a shimmering blue altar of Sif Muna.
  2439 | D:4      | Became a worshipper of Sif Muna the Loreminder
  2443 | D:4      | Learned a level 2 spell: Call Imp
  2506 | D:4      | Identified the +0 ring mail of Surprise {rC- Will+++ rCorr
                  | Stlth-}
  2523 | D:4      | Reached skill level 1 in Invocations
  2524 | D:4      | Reached skill level 1 in Summonings
  2531 | D:4      | Reached skill level 2 in Invocations
  2537 | D:4      | Gained mutation: Spells you cast may paralyse nearby
                  | enemies. [demonic ancestry]
  2537 | D:4      | Reached XP level 7. HP: 5/55 MP: 8/8
  2723 | D:4      | Identified the +2 scale mail of a treasure trove {rElec
                  | rPois Will- Regen+}
  2920 | D:4      | Found a bloodstained altar of Trog.
  2923 | D:4      | Noticed an arcanist
  2929 | D:4      | Killed an arcanist
  3073 | D:5      | Entered Level 5 of the Dungeon
  3094 | D:5      | Reached skill level 3 in Invocations
  3136 | D:5      | Reached * piety under Sif Muna
  3332 | D:5      | Reached skill level 5 in Fighting
  3362 | D:5      | Reached skill level 5 in Long Blades
  3454 | D:5      | Noticed Menkaure
  3460 | D:5      | Killed Menkaure
  3461 | D:5      | Reached skill level 4 in Invocations
  3541 | D:5      | Found a runed translucent gate.
  3541 | D:5      | Found a runed translucent gate.
  3541 | D:5      | Found a runed translucent gate.
  3541 | D:5      | Noticed MysticSailboat's ghost (novice SpDe)
  3543 | D:5      | Found a basalt altar of Yredelemnul.
  3551 | D:5      | Reached XP level 8. HP: 52/62 MP: 11/11
  3941 | D:6      | Found a glowing drain.
  3961 | Sewer    | Entered a sewer
  4040 | Sewer    | Noticed Pargi
  4051 | Sewer    | Killed Pargi
  4118 | D:6      | Reached skill level 5 in Invocations
  4129 | D:6      | Noticed Eustachio
  4140 | D:6      | Killed Eustachio
  4277 | D:6      | Found a staircase to the Ecumenical Temple.
  4304 | D:6      | Noticed Grinder
  4305 | D:6      | Noticed Sigmund
  4311 | D:6      | Killed Grinder
  4320 | D:6      | Reached ** piety under Sif Muna
  4324 | D:6      | Killed Sigmund
  4325 | D:6      | Reached skill level 6 in Invocations
  4418 | D:6      | Found an iron altar of Okawaru.
  4454 | D:6      | Gained mutation: You are partially covered in slimy green
                  | scales. (AC +2) [demonic ancestry]
  4454 | D:6      | Reached XP level 9. HP: 71/71 MP: 13/13
  4665 | D:6      | Reached skill level 5 in Summonings
  4883 | D:7      | Reached skill level 7 in Invocations
  5211 | D:7      | Found a shadowy altar of Dithmenos.
  5601 | D:8      | Reached skill level 8 in Invocations
  5602 | D:8      | Found Ojuch's Weapon Boutique.
  5656 | D:8      | Reached *** piety under Sif Muna
  5915 | D:8      | Noticed a two-headed ogre
  5936 | D:8      | Killed a two-headed ogre
  5937 | D:8      | Reached XP level 10. HP: 28/80 MP: 10/16
  6073 | D:8      | Reached skill level 9 in Invocations
  6209 | D:8      | Identified the +5 glaive of Miakipokh {heavy, rElec rF+
                  | Str+3 Stlth-}
  6573 | D:9      | Found a flagged portal.
  6656 | Bailey   | Entered a bailey
  6724 | Bailey   | Identified the +8 sling "Wom Nome" {freeze, rCorr Int+3}
  6889 | D:9      | Reached **** piety under Sif Muna
  7100 | D:10     | Entered Level 10 of the Dungeon
  7109 | D:10     | Found Lodepnup's Assorted Antiques.
  7119 | D:10     | Bought a bubbling grey potion for 19 gold pieces
  7119 | D:10     | Bought a scroll labelled RATOARETUI for 22 gold pieces
  7119 | D:10     | Bought a scroll labelled IHUMEZUAZI for 22 gold pieces
  7153 | D:10     | Reached skill level 10 in Invocations
  7221 | D:10     | Identified the +9 chain mail of Lucidity {rC+}
  7270 | D:10     | Gained mutation: You regenerate health from kills. [demonic
                  | ancestry]
  7270 | D:10     | Reached XP level 11. HP: 58/89 MP: 18/18
  7305 | D:10     | Noticed a boulder beetle
  7356 | D:10     | Killed a boulder beetle
  7438 | D:10     | Found a runed translucent door.
  7543 | D:10     | Learned a level 7 spell: Summon Hydra
  7589 | D:10     | Found a staircase to the Orcish Mines.
  7600 | D:10     | HP: 4/89 [warg (9)]
  7617 | D:10     | Reached skill level 11 in Invocations
  7696 | D:10     | Found a staircase to the Lair.
  7767 | D:10     | Noticed a two-headed ogre
  7779 | D:10     | Noticed a boulder beetle
  7782 | D:10     | Killed a two-headed ogre
  8414 | D:11     | Reached skill level 10 in Fighting
  8485 | D:10     | Killed a boulder beetle
  8505 | D:10     | Noticed a two-headed ogre
  8513 | D:10     | Killed a two-headed ogre
  8550 | D:10     | Noticed a catoblepas
  8676 | D:10     | Killed a catoblepas
  8677 | D:10     | Reached skill level 12 in Invocations
  8765 | D:10     | Noticed a boulder beetle
  8776 | D:10     | Killed a boulder beetle
  8777 | D:10     | Gained mutation: Spells you cast and wands you use may
                  | paralyse nearby enemies. [demonic ancestry]
  8777 | D:10     | Reached XP level 12. HP: 98/98 MP: 18/21
  8837 | D:10     | Noticed a two-headed ogre
  8850 | D:10     | Killed a two-headed ogre
  9341 | D:12     | Noticed a two-headed ogre
  9347 | D:12     | Killed a two-headed ogre
  9461 | D:12     | Reached skill level 10 in Long Blades
  9510 | D:12     | Found the +6 shillelagh "Devastator" {shatter}
  9527 | D:12     | Noticed a boulder beetle
  9540 | D:12     | Killed a boulder beetle
  9611 | D:12     | Reached ***** piety under Sif Muna
  9637 | D:12     | Noticed Erolcha
  9644 | Abyss:2  | Cast into level 2 of the Abyss (Erolcha)
  9650 | Abyss:3  | Noticed a tentacled monstrosity
  9673 | Abyss:3  | Reached skill level 10 in Summonings
  9706 | Abyss:3  | Slain by a thrashing horror

Illustrated notes

Levels and vault maps discovered:
D:1:      minmay_arrival_loop, layout_loops_ring,
          shapermc_ecumenical_altar_mp_ritualfount
D:2:      layout_rooms
D:3:      layout_basic, nicolae_nh_oracle_at_delphi, uniq_natasha
D:4:      layout_cave_pools, nicolae_sif_muna_little_library, trog_wizard
D:5:      layout_loops_cross, mainiacjoe_overflow_brackets,
          nicolae_yredelemnul_ghost_church, uniq_menkaure
D:6:      layout_loops_ring, okawaru_trees_2, minmay_temple_entry_arrows,
          serial_demonic, serial_demonic_a, serial_demonic_a, serial_demonic_d,
          serial_demonic_f, gup_sewer_entry_pipe, minmay_misc_feat_doors,
          grunt_ministairs_6, uniq_eustachio, uniq_grinder, uniq_sigmund
D:7:      layout_loops_cross, mainiacjoe_overflow_alcove_1
D:8:      layout_cave_pools, serial_shops, nicolae_shop_statue_plus,
          kennysheep_generic_room_12
D:9:      layout_roguey, enter_bailey_2
D:10:     minmay_roctagon, layout_basic, hellmonk_lair_entry_icy,
          minmay_orc_entry_guard_dogs, serial_shops,
          nicolae_shop_window_shopping, minmay_st_funbox
D:11:     layout_stronghold
D:12:     layout_roguey, uniq_frances, uniq_erolcha, uniq_nergalle
Abyss:3:  base: D:4, nicolae_abyss_rune_star_stuff

Skill      XL: |  1  2  3  4  5  6  7  8  9 10 11 12 |
---------------+-------------------------------------+-----
Throwing       | 2 |  2.0
Long Blades    | 3 4 5 6 7 8 9 10 | 10.2
Dodging        | 3 4 |  4.1
Fighting       | 3 4 5 6 7 9 10 | 10.9
Invocations    | 2 4 6 8 10 12 | 12.9
Summonings     | 1 3 4 6 7 9 10 | 10.1

Action                     |  1- 3 |  4- 6 |  7- 9 | 10-12 || total
---------------------------+-------+-------+-------+-------++-------
  Melee: Long sword        |   111 |    95 |   399 |   476 ||  1081
         Punch             |     2 |     1 |     4 |     8 ||    15
         Tailslap          |    13 |    10 |    50 |    85 ||   158
         Dagger            |       |       |       |    40 ||    40
  Throw: Throwing net      |       |     2 |     2 |     2 ||     6
   Cast: Call Imp          |       |       |     3 |    48 ||    51
  Evoke: Wand              |       |       |     2 |       ||     2
    Use: Scroll            |       |       |     5 |    10 ||    15
         Potion            |       |       |       |     6 ||     6
   Stab: Sleeping          |       |     3 |     1 |       ||     4
         Paralysed         |       |       |     2 |    53 ||    55
         Held in net/web   |       |       |     1 |     1 ||     2
         Distracted        |       |       |       |     2 ||     2
 Armour: Leather armour    |    56 |    69 |     1 |       ||   126
         Scale mail        |       |       |   437 |   438 ||   875
  Dodge: Dodged            |    91 |    68 |   320 |   373 ||   852

Table legend: (Time is in decaauts)
 A = Elapsed time spent in this place.
 B = Non-inter-level travel time spent in this place.
 C = Inter-level travel time spent in this place.
 D = Time resting spent in this place.
 E = Time spent auto-exploring this place.
 F = Levels seen in this place.
 G = Mean time per level.
                   A        B        C        D        E       F      G
               +--------+--------+--------+--------+--------+-----+--------+
         Total |   9800 |   9419 |    381 |   1046 |   5801 |  16 |  612.5 |
       Dungeon |   9499 |   9118 |    381 |   1041 |   5766 |  12 |  791.6 |
         Abyss |     46 |     46 |      0 |      0 |      0 |   2 |   23.0 |
         Sewer |    166 |    166 |      0 |      5 |     29 |   1 |  166.0 |
        Bailey |     86 |     86 |      0 |      0 |      5 |   1 |   86.0 |
               +--------+--------+--------+--------+--------+-----+--------+

Top non-repeatable levels by time:
    D:10: 1135 daAuts
    D:11: 1087 daAuts
     D:7: 1034 daAuts
     D:3: 910 daAuts
     D:4: 864 daAuts
     D:5: 842 daAuts
     D:1: 833 daAuts
     D:6: 688 daAuts
     D:9: 668 daAuts
     D:8: 616 daAuts
     D:2: 522 daAuts
    D:12: 295 daAuts
   Sewer: 166 daAuts
  Bailey: 86 daAuts
 Abyss:3: 42 daAuts
